 Dungeon Crawl Stone Soup version 0.30-a0-121-gb27577e5d9 (webtiles) character file.

Game seed: 6126133099021985821

1971 Dreamer the Blocker (level 9, -1/71 HPs)
             Began as a Formicid Fighter on Sept 14, 2022.
             Succumbed to a kobold brigand's poison
             ... on level 9 of the Dungeon.
             The game lasted 00:22:43 (5827 turns).

Dreamer the Blocker (Formicid Fighter)              Turns: 5827, Time: 00:22:44

Health: -1/71      AC: 13    Str: 24    XL:     9   Next: 43%
Magic:  18/18      EV:  8    Int: 12    God:
Gold:   272        SH:  6    Dex: 16    Spells: 7/8 levels left

rFire   . . .      SeeInvis +    z - +1 whip (flame)
rCold   . . .      Faith    .    c - +0 buckler
rNeg    . . .      Spirit   .    f - +0 chain mail
rPois   .          Reflect  .    (helmet unavailable)
rElec   +          Harm     .    (no cloak)
rCorr   .          Rampage  .    t - +2 pair of gloves of the Fife {rElec Dex+4}
Will    .....                    (no boots)
Stlth   ..........               (no amulet)
HPRegen 0.21/turn                A - ring of magical power
MPRegen 0.16/turn                (no ring)

@: lethally poisoned (-1 -> -14)
A: permanent stasis, dig shafts and tunnels, antennae 3, four strong arms, claws
1, clever 1, wild magic 1
a: Dig, Shaft Self


You were on level 9 of the Dungeon.
You visited 1 branch of the dungeon, and saw 7 of its levels.

You collected 462 gold pieces.
You spent 190 gold pieces at shops.

Inventory:

Hand Weapons
 o - the +4 spear of Buops {freeze, Dex+2}
   (You found it on level 2 of the Dungeon)

   It freezes those it strikes, dealing additional cold damage.
   It can also slow down cold-blooded creatures.
   Dex:       It affects your dexterity (+2).
 z - a +1 whip of flaming (weapon)
 E - a +3 morningstar
Missiles
 r - a throwing net
 x - 12 curare-tipped darts
Armour
 c - a +0 buckler (worn)
 f - a +0 chain mail (worn)
 k - a +0 troll leather armour
 t - the +2 pair of gloves of the Fife (worn) {rElec Dex+4}
   (You bought it in a shop on level 3 of the Dungeon)

   Dex:       It affects your dexterity (+4).
   rElec:     It insulates you from electricity.
Jewellery
 A - a ring of magical power (left hand)
Wands
 y - a wand of flame (5)
Scrolls
 a - 3 scrolls of vulnerability {unknown}
 e - 3 scrolls of butterflies {unknown}
 j - 2 scrolls of noise {unknown}
 l - 2 scrolls of teleportation {unknown}
 q - 2 scrolls of amnesia {unknown}
 s - a scroll of blinking {unknown}
 u - 2 scrolls of magic mapping {unknown}
 B - a scroll of enchant armour {unknown}
 C - a scroll of poison {unknown}
 D - a scroll of fear {unknown}
Potions
 d - 3 potions of might
 g - a potion of heal wounds {unknown}
 i - a potion of ambrosia {unknown}
 m - a potion of attraction {unknown}
 p - 2 potions of curing
 v - a potion of brilliance {unknown}
 w - a potion of flight {unknown}


   Skills:
 + Level 6.6 Fighting
 * Level 7.7 Maces & Flails
 + Level 6.6 Armour
 + Level 8.0 Shields


You had 7 spell levels left.
You knew the following spells:

 Your Spells              Type           Power      Damage    Failure   Level
a - Apportation           Tloc           0%         N/A       96%         1

Your spell library contained the following spells:

 Spells                   Type           Power      Damage    Failure   Level
 Magic Dart               Conj           0%         1d3       96%         1
 Necrotise                Necr           0%         1d4       96%         1
 Summon Small Mammal      Summ           0%         N/A       96%         1
 Searing Ray              Conj           0%         2d4       99%         2
 Sublimation of Blood     Necr           0%         N/A       99%         2
 Call Canine Familiar     Summ           0%         N/A       100%        3
 Ozocubu's Armour         Ice            0%         N/A       100%        3
 Portal Projectile        Hex/Tloc       0%         N/A       100%        3
 Summon Guardian Golem    Hex/Summ       0%         N/A       100%        3
 Tukima's Dance           Hex            0%         N/A       100%        3
 Animate Dead             Necr           0%         N/A       100%        4
 Fulminant Prism          Conj/Hex       0%         3d6       100%        4
 Leda's Liquefaction      Hex/Erth       0%         N/A       100%        4
 Blade Hands              Tmut           0%         N/A       100%        5
 Simulacrum               Ice/Necr       0%         N/A       100%        6
 Ozocubu's Refrigeration  Ice            0%         4d7       100%        7


Dungeon Overview and Level Annotations

Branches:
Dungeon (6/15)               Lair (0/5) D:9
 Temple: D:4-7

Altars:
Ashenzari
Uskayaw
Vehumet
Yredelemnul

Shops:
D:3 *


Innate Abilities, Weirdness & Mutations

You cannot be hasted, slowed, berserked, paralysed or teleported.
You can dig through walls and to a lower floor.
You have a pair of large antennae on your head. (SInv)
Your four strong arms can wield two-handed weapons with a shield.
You have sharp fingernails.
Your mind is acute. (Int +4, Str/Dex -1)
Your spells are a little harder to cast, but a little more powerful.


Message History

The troll leather armour is intact enough to wear.
Your Shields skill increases to level 8!
Things that are here:
a +0 troll leather armour; a troll corpse
k - a +0 troll leather armour
As you read the scroll of identify, it crumbles to dust.
h - 2 potions of degeneration You drop 2 potions of degeneration.
You start resting.
You sense a monster nearby.
You start resting.
A kobold brigand comes into view.
It is wielding a +0 short sword and quivering poisoned darts.
The kobold brigand shouts!
You hear a shout! x2
A kobold comes into view. It is wielding a +0 whip.
The kobold brigand throws a poisoned dart.
The poisoned dart hits you!
You are poisoned.
A kobold comes into view. It is wielding a +0 short sword.
You feel very sick.
The kobold brigand throws a poisoned dart.
The poisoned dart hits you!
You are more poisoned.
You feel very sick.
You feel very sick.
You feel sick.
You feel sick.
You feel sick.
The kobold brigand throws a poisoned dart.
The poisoned dart hits you!
You are lethally poisoned!
* * * LOW HITPOINT WARNING * * *
You feel very sick.
The kobold brigand throws a poisoned dart.
The poisoned dart hits you!
You are more poisoned.
* * * LOW HITPOINT WARNING * * *
You feel very sick.
* * * LOW HITPOINT WARNING * * *
You feel very sick.
You die...

...........# +.....'...#
...........# +.♣♣♣.'._.#
...........# +.....'...#
..........^######'''######
......................#
........K.............#
............).........#
...#†.................# ..
#!...K.......@.....# #
#..................#
#######............#
#........##### #........#
#........# #........#
#........# #........#


There were no monsters in sight!

Vanquished Creatures
  Pikel (D:4)
  2 trolls (D:9)
  Menkaure (D:4)
  An orc warrior (D:9)
  A centaur (D:9)
  A phantom (D:5)
  A kobold brigand (D:6)
  A necrophage (D:3)
  A scorpion (D:5)
  2 hounds
  2 jellies
  2 orc priests (D:9)
  5 orc wizards
  2 iguanas
  3 gnolls (D:5)
  An adder (D:5)
  A white imp (D:5)
  An ufetubus (D:6)
  3 worms (D:5)
  5 dart slugs
  22 orcs
  4 ball pythons
  3 giant cockroaches
  7 goblins
  8 hobgoblins
  14 kobolds
  5 quokkas
  8 bats
  4 frilled lizards
  8 rats
120 creatures vanquished.

Vanquished Creatures (others)
  A bat (D:1)
1 creature vanquished.

Grand Total: 121 creatures vanquished

Notes
Turn   | Place    | Note
-------+----------+-------------------------------------------
     0 | D:1      | Dreamer the Formicid Fighter began the quest for the Orb.
     0 | D:1      | Reached XP level 1. HP: 18/18 MP: 1/1
    82 | D:1      | Reached XP level 2. HP: 20/24 MP: 2/2
   380 | D:1      | Got the Papyrus of Evil Mysteries
   517 | D:1      | Reached XP level 3. HP: 29/29 MP: 3/3
   891 | D:2      | Identified the +4 spear of Buops {freeze, Dex+2}
  1198 | D:2      | Found a broken altar of Ashenzari.
  1304 | D:3      | Noticed a necrophage
  1322 | D:3      | Killed a necrophage
  1323 | D:3      | Reached XP level 4. HP: 23/37 MP: 4/4
  1323 | D:3      | Reached XP level 5. HP: 26/42 MP: 5/5
  1649 | D:3      | Found Poteorch's Assorted Antiques.
  1658 | D:3      | Bought a pair of slimy gloves for 190 gold pieces
  1658 | D:3      | Identified the +2 pair of gloves of the Fife {rElec Dex+4}
                  | (You bought it in a shop on level 3 of the Dungeon)
  2069 | D:4      | Noticed Menkaure
  2091 | D:3      | Reached skill level 5 in Shields
  2261 | D:4      | Noticed a lemure
  2262 | D:4      | Noticed Pikel
  2331 | D:4      | Killed Menkaure
  2332 | D:4      | Reached XP level 6. HP: 10/49 MP: 6/6
  2693 | D:4      | Found a broken altar of Ashenzari.
  2732 | D:4      | Killed Pikel
  2733 | D:4      | Reached skill level 5 in Fighting
  2733 | D:4      | Reached skill level 5 in Maces & Flails
  2733 | D:4      | Reached skill level 5 in Armour
  2733 | D:4      | Reached skill level 6 in Shields
  2733 | D:4      | Reached XP level 7. HP: 35/56 MP: 7/7
  2733 | D:4      | Reached XP level 8. HP: 39/62 MP: 8/8
  3249 | D:4      | Found a basalt altar of Yredelemnul.
  3249 | D:4      | Found a hide-covered altar of Uskayaw.
  3372 | D:5      | Entered Level 5 of the Dungeon
  3941 | D:5      | Learned a level 1 spell: Apportation
  4015 | D:5      | Gained mutation: You have sharp fingernails. [potion of
                  | mutation]
  4015 | D:5      | Gained mutation: Your mind is acute. (Int +4, Str/Dex -1)
                  | [potion of mutation]
  4015 | D:5      | Gained mutation: Your spells are a little harder to cast,
                  | but a little more powerful. [potion of mutation]
  4514 | D:6      | Reached skill level 7 in Shields
  4629 | D:6      | You fall into a shaft and drop 3 floors!
  5067 | D:9      | Reached XP level 9. HP: 42/66 MP: 9/9
  5326 | D:9      | Noticed a troll
  5402 | D:9      | Found a staircase to the Lair.
  5422 | D:9      | Killed a troll
  5672 | D:9      | Found a radiant altar of Vehumet.
  5723 | D:9      | Noticed a troll
  5740 | D:9      | Killed a troll
  5741 | D:9      | Reached skill level 8 in Shields
  5826 | D:9      | HP: 1/71 [poisoned by a kobold brigand]
  5827 | D:9      | Succumbed to a kobold brigand's poison

Illustrated notes

Levels and vault maps discovered:
D:1:      dpeg_arrival_long_road, layout_basic, hangedman_decor_riveting
D:2:      layout_basic, basic_altar, roderic_serpentine_path
D:3:      layout_basic, serial_shops, nicolae_shop_overgrown_old_shop,
          ebering_dispersal_statue_hall
D:4:      layout_loops_ring, evilmike_ruin_ashenzari,
          nicolae_overflow_two_pavilions, uniq_menkaure, uniq_pikel
D:5:      layout_rooms
D:6:      layout_basic, minmay_temple_entry_offerings, lightli_orcish_oven
D:9:      layout_basic, mainiacjoe_overflow_big_doors, lair_entry_dummy

Skill      XL: |  1  2  3  4  5  6  7  8  9 |
---------------+----------------------------+-----
Fighting       | 4 5 6 |  6.6
Maces & Flails | 3 4 5 6 7 |  7.7
Armour         | 4 5 6 |  6.6
Shields        | 5 6 7 8 |  8.0

Action                   |  1- 3 |  4- 6 |  7- 9 || total
-------------------------+-------+-------+-------++-------
Melee: Flail             |    69 |       |       ||    69
       Spear             |    35 |    66 |   111 ||   212
       Whip              |       |       |   181 ||   181
 Abil: Dig               |       |       |     2 ||     2
  Use: Potion            |       |     1 |     3 ||     4
       Scroll            |       |       |     5 ||     5
Armor: Scale mail        |    34 |    18 |    50 ||   102
       Chain mail        |       |       |    40 ||    40
Dodge: Dodged            |    43 |    16 |    71 ||   130
Block: Buckler           |    22 |    11 |    56 ||    89

Table legend: (Time is in decaauts)
 A = Elapsed time spent in this place.
 B = Non-inter-level travel time spent in this place.
 C = Inter-level travel time spent in this place.
 D = Time resting spent in this place.
 E = Time spent auto-exploring this place.
 F = Levels seen in this place.
 G = Mean time per level.
                   A        B        C        D        E       F      G
               +--------+--------+--------+--------+--------+-----+--------+
         Total |   5835 |   5591 |    244 |   1511 |   2476 |   7 |  833.6 |
       Dungeon |   5835 |   5591 |    244 |   1511 |   2476 |   7 |  833.6 |
               +--------+--------+--------+--------+--------+-----+--------+

Top non-repeatable levels by time:
     D:9: 1170 daAuts
     D:4: 1169 daAuts
     D:3: 982 daAuts
     D:5: 864 daAuts
     D:1: 777 daAuts
     D:2: 518 daAuts
     D:6: 352 daAuts
